 Dungeon Crawl Stone Soup version 0.22-a0-855-g415d086bb8 (webtiles) character file.

1895 PikkenKukken the Skirmisher (level 9, -6/47 HPs)
             Began as a Vine Stalker Berserker on July 26, 2018.
             Was a Priest of Trog.
             Killed by divine providence
             ... invoked by an orc priest
              (8 damage)
             ... on level 6 of the Dungeon.
             The game lasted 00:15:02 (4684 turns).

PikkenKukken the Skirmisher (VSBe)                  Turns: 4684, Time: 00:15:02

Health: -6/47      AC: 16    Str: 22    XL:     9   Next: 15%
Magic:  0/11       EV:  9    Int:  7    God:    Trog [***...]
Gold:   154        SH:  0    Dex: 15    Spells: 8/8 levels left

rFire    + . .     SeeInvis .   n - +2 dagger (holy)
rCold    . . .     Gourm    .   (no shield)
rNeg     . . .     Faith    .   i - +0 plate armour
rPois    .         Spirit   +   m - +2 helmet
rElec    .         Reflect  .   (no cloak)
rCorr    .         Harm     .   o - +0 pair of gloves
MR       +....                  (no boots)
Stlth    ..........             (no amulet)
HPRegen  0.55/turn              w - ring of protection from fire
MPRegen  0.12/turn              (no ring)

@: berserk cooldown, slowed, very slow
A: fangs 3, regeneration 1, magic shield, antimagic bite, no potion heal 3, rot
immunity
a: Berserk, Trog's Hand, Renounce Religion


You were on level 6 of the Dungeon.
You worshipped Trog.
Trog was most pleased with you.
You were very hungry.

You visited 1 branch of the dungeon, and saw 6 of its levels.

You collected 154 gold pieces.

Inventory:

Hand Weapons
 a - a +0 short sword
 g - a +0 dagger
 k - a -2 dagger
 n - a +2 dagger of holy wrath (weapon)
Armour
 b - a +1 animal skin
 i - a +0 plate armour (worn)
 m - a +2 helmet (worn)
 o - a +0 pair of gloves (worn)
 s - a +0 large shield
Jewellery
 w - a ring of protection from fire (left hand)
Wands
 q - a wand of flame (27)
Scrolls
 j - 2 scrolls of identify
 p - a scroll of noise
 r - a scroll of remove curse
 t - a scroll of magic mapping
Potions
 d - 5 potions of curing
 e - a potion of might
 h - a potion of berserk rage {unknown}
 l - a potion of flight {unknown}
 v - a potion of agility {unknown}
Comestibles
 c - 9 rations
 f - 4 chunks of flesh


   Skills:
 + Level 5.4 Fighting
 + Level 5.4 Short Blades
 + Level 4.5 Armour
 - Level 5.1 Dodging
 - Level 2.0 Stealth
 + Level 2.2 Shields
 + Level 2.2 Evocations


You had 8 spell levels left.
You didn't know any spells.
Your spell library was empty.

Dungeon Overview and Level Annotations

Branches:
Dungeon (6/15)             Temple (0/1) D:5

Altars:
Ashenzari
Cheibriados
Hepliaklqana
Okawaru
Ru
Sif Muna
Trog
Uskayaw
Vehumet
Wu Jian
Xom


Innate Abilities, Weirdness & Mutations

You have razor-sharp teeth.
Your natural rate of healing is unusually fast.
When hurt, damage is shared between your health and your magic reserves.
Your bite disrupts and absorbs the magic of your enemies.
Potions cannot restore your health.
You are immune to rotting.


Message History

The orc priest calls down the wrath of Beogh upon you.
Beogh smites you!
You see here an adder corpse.
The orc priest mumbles some strange prayers to Beogh against you.
Beogh smites you!
* * * LOW HITPOINT WARNING * * *
The orc wizard hits you but does no damage.
The orc priest begins to cast a cantrip, but forgets the words!
The orc priest calls down the wrath of Beogh upon you.
Beogh smites you!
* * * LOW HITPOINT WARNING * * *
The orc wizard gestures wildly while chanting.
The orc wizard blinks!
Some of the chunks of flesh in your inventory have rotted away.
The orc wizard casts a spell at you. The magic dart hits you!
* * * LOW HITPOINT WARNING * * *
The orc priest mumbles some strange prayers to Beogh against you.
Beogh smites you!
You die...

............(....
#...$...........
#####...........
#.†.##...... #..(#
##.#. #o..# .
##oo.## #####.#...#
## #..@.....##
##.##.#####..#####
##...#.##.÷.......#
#.........##..###.#
##...#.#####..#
##.##.#####..#
#...........#
###.######..# ..#
#.# #.## #.#


You could see an orc priest and an orc wizard.

Vanquished Creatures
  Prince Ribbit (D:6)
  Grinder (D:6)
  Sigmund (D:2)
  2 ice beasts (D:5)
  A phantom (D:5)
  An ogre (D:5)
  A centaur (D:5)
  A bullfrog (D:6)
  2 scorpions (D:5)
  2 howler monkeys
  A jelly (D:5)
  4 hounds
  A centaur zombie (D:5)
  A gnoll shaman (D:5)
  A centaur skeleton (D:4)
  An orc priest (D:4)
  2 bullfrog skeletons
  An iguana (D:4)
  An orc wizard (D:4)
  A worker ant (D:5)
  Robin (D:3)
  8 gnolls (D:5)
  8 adders
  A shadow imp (D:5)
  An ooze (D:1)
  2 worms
  3 dart slugs
  10 orcs
  6 bats
  4 giant cockroaches
  12 goblins
  10 hobgoblins
  4 jackals (D:4)
  2 quokkas
  A ball python (D:3)
  6 frilled lizards
  2 kobolds (D:2)
  9 rats
117 creatures vanquished.

Notes
Turn   | Place    | Note
-------+----------+-------------------------------------------
     0 | D:1      | PikkenKukken the Vine Stalker Berserker began the quest for the Orb.
     0 | D:1      | Reached XP level 1. HP: 11/11 MP: 2/2
   134 | D:1      | Reached XP level 2. HP: 16/16 MP: 3/3
   247 | D:1      | Upgraded the game from 0.22-a0-845-g8bfc27d406 to 0.22-a0-855-g415d086bb8
   343 | D:1      | Reached skill level 1 in Stealth
   926 | D:1      | Reached XP level 3. HP: 19/19 MP: 4/4
  1301 | D:2      | Reached ** piety under Trog
  1371 | D:2      | Gained mutation: Your natural rate of healing is unusually fast. [Vine Stalker growth]
  1371 | D:2      | Reached XP level 4. HP: 24/24 MP: 5/5
  1753 | D:2      | Found a deep blue altar of Sif Muna.
  1757 | D:2      | Noticed Sigmund
  1762 | D:2      | Killed Sigmund
  1762 | D:2      | Reached XP level 5. HP: 29/29 MP: 6/6
  1762 | D:2      | Reached XP level 6. HP: 33/33 MP: 7/7
  1969 | D:3      | Noticed Robin
  1982 | D:3      | Killed Robin
  2476 | D:3      | Found a hazy altar of Hepliaklqana.
  3140 | D:4      | Found a bloodstained altar of Trog.
  3143 | D:4      | Reached *** piety under Trog
  3253 | D:4      | Found a shattered altar of Ashenzari.
  3290 | D:4      | Reached XP level 7. HP: 37/37 MP: 8/8
  3697 | D:5      | Entered Level 5 of the Dungeon
  3908 | D:5      | Gained mutation: You have razor-sharp teeth. [Vine Stalker growth]
  3908 | D:5      | Reached XP level 8. HP: 35/42 MP: 9/9
  3963 | D:5      | Found a radiant altar of Vehumet.
  3987 | D:5      | Found a staircase to the Ecumenical Temple.
  4132 | D:5      | Found a snail-covered altar of Cheibriados.
  4135 | D:5      | Found a bloodstained altar of Trog.
  4136 | D:5      | Found a radiant altar of Vehumet.
  4322 | D:5      | Reached skill level 5 in Fighting
  4328 | D:5      | Reached skill level 1 in Evocations
  4330 | D:5      | Reached skill level 5 in Short Blades
  4400 | D:4      | Reached skill level 1 in Shields
  4465 | D:5      | Found an ornate altar of the Wu Jian Council.
  4467 | D:5      | Found a hide-covered altar of Uskayaw.
  4472 | D:5      | Found a shimmering altar of Xom.
  4495 | D:5      | Found an iron altar of Okawaru.
  4499 | D:5      | Found a sacrificial altar of Ru.
  4619 | D:6      | Noticed Grinder
  4619 | D:6      | Noticed Prince Ribbit
  4647 | D:6      | Killed Prince Ribbit
  4647 | D:6      | Reached XP level 9. HP: 47/47 MP: 11/11
  4669 | D:6      | Killed Grinder
  4669 | D:6      | Reached skill level 5 in Dodging
  4684 | D:6      | HP: 2/47 [orc wizard/magic dart (5)]
  4684 | D:6      | Killed from afar by an orc priest

Vault maps used:
D:1:      roderic_crop_circles_arrival_small
D:2:      led_sif_pool, serial_bayou_crossing, uniq_sigmund
D:3:      marbit_many_paths, uniq_robin
D:4:      kennysheep_mini_moat, first_ration, trog_three_pillars_becter
D:5:      minmay_overflow_temple_star_hex, minitemple, minmay_temple_entry_grid,
          vehumet_altar_wand_db
D:6:      grunt_gozag_statues, uniq_grinder, uniq_prince_ribbit1, uniq_edmund

Skill      XL: |  1  2  3  4  5  6  7  8  9 |
---------------+----------------------------+-----
Stealth        | 1 2 |  2.0
Fighting       | 3 4 5 |  5.4
Short Blades   | 3 4 5 |  5.4
Dodging        | 2 3 4 5 |  5.1
Armour         | 2 3 4 |  4.5
Evocations     | 2 |  2.2
Shields        | 1 2 |  2.2

Action                   |  1- 3 |  4- 6 |  7- 9 || total
-------------------------+-------+-------+-------++-------
Melee: Short sword       |    41 |       |       ||    41
       Bite              |    19 |    73 |    91 ||   183
       Dagger            |    24 |   225 |   220 ||   469
Invok: Berserk           |     5 |     6 |     5 ||    16
       Trog's Hand       |       |       |     1 ||     1
  Use: Scroll            |     3 |     4 |     5 ||    12
 Stab: Sleeping          |     3 |       |       ||     3
  Eat: Chunk             |     5 |    13 |     5 ||    23
       Ration            |       |       |     1 ||     1
Armor: Animal skin       |    14 |    11 |       ||    25
       Plate armour      |       |    89 |   112 ||   201
Dodge: Dodged            |    40 |    81 |    81 ||   202

Table legend:
 A = Spawn XP
 B = Non-spawn XP
 C = Spawn XP percentage of total XP
 D = Spawn monster count
 E = Non-spawn monster count
 F = Spawn count percentage of total count
 G = Total turns spent on level
                    A         B        C        D         E        F      G
               +---------+---------+-------+---------+---------+-------+---------
         Total |       0 |    2708 |   0.0 |       0 |     117 |   0.0 |  4684
               +---------+---------+-------+---------+---------+-------+---------
           D:1 |       0 |      34 |   0.0 |       0 |      16 |   0.0 |  1138
           D:2 |       0 |     297 |   0.0 |       0 |      24 |   0.0 |   778
           D:3 |       0 |      75 |   0.0 |       0 |      23 |   0.0 |   980
           D:4 |       0 |     389 |   0.0 |       0 |      23 |   0.0 |   830
           D:5 |       0 |    1214 |   0.0 |       0 |      26 |   0.0 |   824
           D:6 |       0 |     699 |   0.0 |       0 |       5 |   0.0 |   134
               +---------+---------+-------+---------+---------+-------+---------
